 Dungeon Crawl Stone Soup version 0.30-a0-1074-g5db6f66fbb (webtiles) character file.

Game seed: 10167344416013910314

146 bmack86 the Covered (level 5, -3/46 HPs)
             Began as a Minotaur Fighter on Apr 13, 2023.
             Slain by a gnoll
             ... wielding a +0 halberd
              (12 damage)
             ... on level 3 of the Dungeon.
             The game lasted 00:04:09 (1588 turns).

bmack86 the Covered (Minotaur Fighter)              Turns: 1588, Time: 00:04:10

Health: -3/46      AC:  7    Str: 29    XL:     5   Next: 7%
Magic:  4/4        EV:  9    Int:  5    God:
Gold:   191        SH:  4    Dex:  9    Spells: 4/4 levels left

rFire   . . .      SeeInvis +    a - +0 war axe
rCold   . . .      Faith    .    c - +0 buckler
rNeg    . . .      Spirit   .    b - +0 scale mail
rPois   .          Reflect  .    (helmet restricted)
rElec   .          Rampage  .    (no cloak)
rCorr   .                        (no gloves)
Will    .....                    (no boots) Stlth
                                 (no amulet)
HPRegen 0.27/turn                i - ring of see invisible
MPRegen 0.09/turn                p - +6 ring of strength

@: no status effects
A: horns 2, retaliatory headbutt
a: no special abilities


You were on level 3 of the Dungeon.
You visited 1 branch of the dungeon, and saw 3 of its levels.

You collected 191 gold pieces.

Inventory:

Hand Weapons
 a - a +0 war axe (weapon)
Missiles
 e - 4 boomerangs (quivered)
 o - 6 poisoned darts
Armour
 b - a +0 scale mail (worn)
 c - a +0 buckler (worn)
Jewellery
 i - a ring of see invisible (left hand)
 n - a ring of positive energy
 p - a +6 ring of strength (right hand)
 r - a +6 ring of intelligence
Scrolls
 f - a scroll of fear {unknown}
 h - a scroll of poison {unknown}
 j - a scroll of silence {unknown}
 l - a scroll of brand weapon {unknown}
 q - a scroll of teleportation {unknown}
 s - a scroll of immolation {unknown}
Potions
 d - a potion of curing
 g - a potion of ambrosia
 k - a potion of resistance {unknown}
 m - a potion of lignification {unknown}
 t - a potion of mutation {unknown}
 u - a potion of might


   Skills:
 + Level 4.3 Fighting
 * Level 4.3 Axes
 + Level 1.5 Throwing
 + Level 4.3 Armour
 + Level 4.3 Shields


You had 4 spell levels left.
You didn't know any spells.
Your spell library was empty.

Dungeon Overview and Level Annotations

Branches:
Dungeon (3/15)

Altars:


Innate Abilities, Weirdness & Mutations

You have a pair of horns on your head.
You reflexively headbutt those who attack you in melee.


Message History

The gnoll shouts! x2
There is an open door here.
The gnoll hits you but does no damage.
Found 11 gold pieces.
The gnoll closely misses you. The gnoll attacks as you move away!
The gnoll hits you with a +0 halberd. The gnoll hits you but does no damage.
The gnoll barely misses you. The gnoll attacks as you move away!
You block the gnoll's attack.
The gnoll hits you from afar with a +0 spear.
There is an open door, spattered with blood here.
You block the gnoll's attack.
The gnoll hits you from afar with a +1 halberd of protection.
There is an open door, spattered with blood here.
You slash the gnoll!
The gnoll is severely wounded.
The gnoll barely misses you. You furiously retaliate!
You headbutt the gnoll!
You kill the gnoll!
You block the gnoll's attack.
You have reached level 5!
You hit the gnoll. You headbutt the gnoll.
The gnoll is heavily wounded.
The gnoll completely misses you. You block the gnoll's attack.
The gnoll hits you with a +0 flail. The gnoll barely misses you.
The gnoll hits you but does no damage.
The gnoll hits you from afar with a +1 halberd of protection!
You closely miss the gnoll.
The gnoll is heavily wounded.
The gnoll hits you from afar with a +0 halberd.
The gnoll hits you from afar with a +1 halberd of protection.
The gnoll closely misses you.
Unknown command.
You barely miss the gnoll.
The gnoll is heavily wounded.
You block the gnoll's attack.
The gnoll hits you from afar with a +1 halberd of protection!
* * * LOW HITPOINT WARNING * * *
The gnoll hits you but does no damage.
You barely miss the gnoll.
The gnoll is heavily wounded.
The gnoll hits you from afar with a +0 halberd!
You die...

#####♣#♣# #.....#.#
#.#####.# #.# .# #.# .#
###'### .# $
#########.....###?##....
#.......'.....@gg.(.....
#.#######.....##g###....
#.# #.......#.# # #.#
#....(#.#.# #.#
#.###.#...# #.#
#.###.##### #.# #.#...#
#.# ###.....#
##.####.......## #.#


You could see 3 gnolls.

Vanquished Creatures
  An ogre (D:2)
  A gnoll (D:3)
  A worm (D:2)
  2 ball pythons
  9 bats
  An endoplasm (D:1)
  6 hobgoblins
  9 jackals
  3 kobolds
  2 quokkas (D:1)
  3 frilled lizards
  3 goblins
  3 rats (D:2)
44 creatures vanquished.

Vanquished Creatures (others)
  4 plants (D:3)
4 creatures vanquished.

Grand Total: 48 creatures vanquished

Notes
Turn   | Place    | Note
-------+----------+-------------------------------------------
     0 | D:1      | bmack86 the Minotaur Fighter began the quest for the Orb.
     0 | D:1      | Reached XP level 1. HP: 19/19 MP: 0/0
   112 | D:1      | Reached XP level 2. HP: 27/27 MP: 1/1
   558 | D:1      | Reached XP level 3. HP: 33/33 MP: 2/2
   565 | D:1      | Found a faded altar of an unknown god.
   793 | D:2      | Noticed an ogre
   804 | D:2      | HP: 1/33 [ogre/+0 giant club (13)]
   805 | D:2      | Killed an ogre
   806 | D:2      | Reached skill level 1 in Throwing
   806 | D:2      | Reached XP level 4. HP: 2/40 MP: 3/3
  1585 | D:3      | Reached XP level 5. HP: 39/46 MP: 4/4
  1588 | D:3      | Slain by a gnoll

Illustrated notes

Levels and vault maps discovered:
D:1:      tekkud_arrival_beachfront_property, layout_basic,
          shapermc_ecumenical_altar_mp_urbaneastern
D:2:      layout_loops_ring
D:3:      layout_basic, serial_forest, infiniplex_forest_end_3,
          infiniplex_forest_straight_2, infiniplex_forest_clump_double,
          infiniplex_forest_lined_room_3, infiniplex_forest_lined_corner,
          kennysheep_nondescript

Skill      XL: |  1  2  3 |
---------------+----------+-----
Axes           | 3 4 |  4.3
Armour         | 4 |  4.3
Fighting       | 4 |  4.3
Throwing       | 1 |  1.5
Shields        | 4 |  4.3

Action                     |  1- 3 |  4- 6 || total
---------------------------+-------+-------++-------
  Melee: War axe           |    39 |    32 ||    71
         Headbutt          |     2 |     2 ||     4
  Throw: Boomerang         |    15 |       ||    15
    Use: Potion            |     1 |       ||     1
         Scroll            |       |     2 ||     2
 Armour: Scale mail        |    46 |    13 ||    59
  Dodge: Dodged            |    44 |    19 ||    63
  Block: Buckler           |    14 |    11 ||    25

Table legend: (Time is in decaauts)
 A = Elapsed time spent in this place.
 B = Non-inter-level travel time spent in this place.
 C = Inter-level travel time spent in this place.
 D = Time resting spent in this place.
 E = Time spent auto-exploring this place.
 F = Levels seen in this place.
 G = Mean time per level.
                   A        B        C        D        E       F      G
               +--------+--------+--------+--------+--------+-----+--------+
         Total |   1616 |   1608 |      8 |     57 |    955 |   3 |  538.7 |
       Dungeon |   1616 |   1608 |      8 |     57 |    955 |   3 |  538.7 |
               +--------+--------+--------+--------+--------+-----+--------+

Top non-repeatable levels by time:
     D:2: 797 daAuts
     D:1: 627 daAuts
     D:3: 191 daAuts
